 Dungeon Crawl Stone Soup version 0.27.1-33-g824d729ab1 (webtiles) character file.

Game seed: 9096010929686047611

19 daervis the Skirmisher (level 2, -2/20 HPs)
             Began as a Gargoyle Berserker on Dec 23, 2021.
             Was a Follower of Trog.
             Slain by an orc (8 damage)
             ... on level 4 of the Dungeon.
             The game lasted 00:02:01 (292 turns).

daervis the Skirmisher (Gargoyle Berserker)          Turns: 292, Time: 00:02:01

Health: -2/20      AC:  5    Str: 26    XL:     2   Next: 75%
Magic:  2/2        EV: 11    Int:  7    God:    Trog [*.....]
Gold:   0          SH:  0    Dex:  9    Spells: 1/1 levels left

rFire    . . .     SeeInvis .   a - +0 hand axe
rCold    . . .     Faith    .   (no shield)
rNeg     + . .     Spirit   .   b - +0 animal skin
rPois    ∞         Reflect  .   (no helmet)
rElec    +         Harm     .   (no cloak)
rCorr    .         Rampage  .   (no gloves)
Will     .....                  (no boots)
Stlth    +.........             (no amulet)
HPRegen  0.06/turn              d - +6 ring of strength
MPRegen  0.08/turn              (no ring)

@: on berserk cooldown, slowed, very slow
A: sickness immunity, AC +2, negative energy resistance 1, electricity
resistance, torment resistance 1, petrification resistance
a: Renounce Religion, Berserk


You were on level 4 of the Dungeon.
You worshipped Trog.
Trog was aware of your devotion.
You visited 1 branch of the dungeon, and saw 3 of its levels.

Inventory:

Hand Weapons
 a - a +0 hand axe (weapon)
Armour
 b - a +0 animal skin (worn)
Jewellery
 d - a +6 ring of strength (left hand)
Scrolls
 c - a scroll of identify {unknown}
 e - a scroll of enchant armour {unknown}


   Skills:
 + Level 3.8 Fighting
 + Level 3.0 Axes
 + Level 2.2 Armour
 - Level 1.5 Dodging
 * Level 0.8 Stealth


You had one spell level left.
You didn't know any spells.
Your spell library was empty.

Dungeon Overview and Level Annotations

Branches:
Dungeon (2/15)

Altars:


Innate Abilities, Weirdness & Mutations

You are immune to sickness and miasma.
Your stone body is resilient. (AC +2)
You are immune to poison.
You resist negative energy. (rN+)
You are resistant to electric shocks. (rElec)
You are resistant to unholy torment.
You are immune to petrification.


Message History

You see here a hobgoblin corpse.
You feel a strong urge to attack something.
The bat hits you but does no damage.
You slash the bat!
You kill the bat!
Trog accepts your kill. The kobold completely misses you.
You closely miss the kobold. The kobold barely misses you.
You closely miss the kobold. You barely miss the kobold. The kobold misses you.
You closely miss the kobold.
The kobold hits you with a +0 short sword.
You barely miss the kobold.
The kobold hits you with a +0 short sword.
You slash the kobold!
You kill the kobold!
Trog accepts your kill.
You slash the ball python!
You kill the ball python!
Trog accepts your kill.
You are no longer berserk.
You are exhausted.
You feel yourself slow down.
You fall into a shaft and drop 2 floors!
The shaft crumbles and collapses.
A jelly comes into view.
The orc wizard shouts! x4
Found five items.
Found a stone staircase leading down.
An orc comes into view. It is wielding a +0 flail.
The orc shouts!
Something unseen opens the door.
The orc barely misses you. The orc closely misses you.
The orc hits you with a +0 flail. x2
The jelly closely misses you. The orc hits you with a +0 flail.
* * * LOW HITPOINT WARNING * * *
The jelly hits you but does no damage.
Found a stone staircase leading up.
Found 8 gold pieces.
The orc hits you with a +0 flail!
You die...

### .....#)...... #.#.
..............## #o###
.......... ...#
o:oo#.###.#.....# ...<#
###.....#.....##....#
'....................
#..#.:...>.##........
....#.)..oo..##........
###.!..#####.Jo@.......
##..# #.####..^... ....
..## ..... ..... ....
.... .... ####. .$. #.
#. #.


You could see a jelly, 2 orc wizards and an orc.

Vanquished Creatures
  A dart slug (D:1)
  A bat (D:2)
  2 endoplasms
  2 goblins (D:1)
  2 hobgoblins
  3 ball pythons
  3 kobolds
  2 rats (D:1)
16 creatures vanquished.

Notes
Turn   | Place    | Note
-------+----------+-------------------------------------------
     0 | D:1      | daervis the Gargoyle Berserker began the quest for the Orb.
     0 | D:1      | Reached XP level 1. HP: 14/14 MP: 1/1
   150 | D:1      | Reached XP level 2. HP: 17/19 MP: 2/2
   257 | D:1      | You fall into a shaft and drop 1 floor!
   284 | D:2      | You fall into a shaft and drop 2 floors!
   292 | D:4      | Slain by an orc

Illustrated notes

Levels and vault maps discovered:
D:1:      lightli_arrival_chessboard, layout_basic,
          ebering_ecumenical_altar_mist, serial_glass, glass_columns_a,
          glass_columns_c
D:2:      layout_loops_ring, st_stairs_11, minmay_vboxes
D:4:      layout_cave_pools, minmay_a_box_with_orc_wizards_in_it

Skill      XL: |  1  2 |
---------------+-------+-----
Axes           | 3 |  3.0
Fighting       | |  3.8
Armour         | |  2.2
Dodging        | |  1.5
Stealth        | |  0.8

Action                   || total
-------------------------++-------
Melee: Hand axe          ||    46
Invok: Berserk           ||     2
Armor: Animal skin       ||    11
Dodge: Dodged            ||    32
